cohdb
Replays
Latest Replays
All Replays
Popular Replays
Top Player Replays
Match Explorer
How It Works
Community
CoH3 Stats
Reddit
Sign in to upload your games and track your stats! →
Sign in with Steam
Match 45804930
Unlisted
Match 45804930
Overview
Messages
Build Orders
End
Pioneer Squad
Construct Infanterie Kompanie
Grenadier Squad
Selects Mechanized Battlegroup
Grenadier Squad
MG 42 Machine Gun Team
Medical Station
Construct Panzergrenadier Kompanie
Pioneer Squad
Selects Raid Package
Panzergrenadier Squad
Pak 40 Anti-tank Gun Team
Selects StuG Assault Group
StuG Assault Group
Grenadier Squad
Mrs Bean
desertBeliever
0
0
Comments
sign in to comment!
No comments posted yet!